Description

Polt v TRUE: Game 1 - Apotheosis LE

Replay - Polt v TRUE: Game 1 - Apotheosis LE

Build Order

Get SALT Encoding   

  12  0:00  Drone  
  13  0:12  Overlord  
  13  0:17  Drone  
  14  0:31  Drone x2  
  14  0:34  Drone  
  17  0:52  Hatchery  
  17  0:56  Drone  
  17  1:09  Spawning Pool  
  17  1:10  Extractor  
  15  1:13  Drone  
  15  1:17  Drone  
  17  1:20  Drone  
  18  1:28  Drone  
  19  1:38  Overlord  
  19  1:55  Queen  
  19  1:56  Zergling x2  
  19  2:01  Zergling x2  
  23  2:03  Queen  
  23  2:04  Zergling x2  
  26  2:11  Metabolic Boost  
  26  2:12  Drone  
  28  2:15  Drone  
  28  2:21  Drone  
  29  2:26  Drone  
  30  2:32  Drone  
  30  2:35  Queen  
  32  2:38  Drone  
  33  2:48  Overlord  
  33  2:50  Pneumatized Carapace  
  33  2:54  Drone  
  33  2:57  Drone  
  35  2:59  Drone  
  36  3:11  Overlord  
  36  3:12  Drone x3  
  39  3:14  Drone  
  39  3:15  Drone  
  39  3:18  Drone  
  41  3:20  Drone  
  41  3:22  Drone  
  43  3:27  Overlord  
  43  3:33  Drone x2  
  45  3:46  Hatchery  
  45  3:47  Drone x2  
  46  3:50  Evolution Chamber  
  46  3:52  Evolution Chamber  
  46  3:54  Drone  
  46  3:55  Drone  
  46  4:04  Drone x3  
  46  4:05  Queen  
  51  4:10  Queen  
  51  4:16  Zerg Ground Armor Level 1  
  53  4:21  Zerg Melee Weapons Level 1  
  53  4:27  Drone x2  
  53  4:28  Overlord  
  53  4:29  Zergling x4  
  57  4:36  Drone x2  
  57  4:37  Overlord  
  57  4:38  Overlord  
  59  4:47  Drone x3, Overlord  
  59  4:48  Drone  
  59  4:50  Drone  
  64  4:53  Drone  
  64  4:56  Drone x2  
  64  4:57  Drone x2  
  69  5:00  Extractor  
  69  5:03  Lair  
  69  5:04  Drone  
  69  5:05  Drone  
  69  5:07  Drone  
  71  5:15  Drone x2, Extractor  
  71  5:19  Overlord  
  71  5:21  Zergling x2  
  73  5:24  Queen, Zergling x2, Baneling Nest  
  73  5:26  Overlord  
  73  5:27  Zergling x2  
  73  5:28  Zergling x8  
  79  5:29  Zergling x4  
  79  5:30  Zergling x2  
  79  5:31  Zergling x2  
  79  5:33  Zergling x2  
  85  5:35  Queen  
  85  5:42  Overlord  
  87  5:43  Zergling x4  
  89  5:54  Overlord  
  89  5:57  Hatchery  
  88  6:05  Zergling x2  
  88  6:06  Zergling x16  
  88  6:08  Centrifical Hooks  
  88  6:10  Drone  
  98  6:13  Extractor x2  
  98  6:14  Overlord  
  98  6:17  Zergling x4  
  98  6:21  Zergling x2  
  98  6:22  Zergling x2  
  98  6:23  Zergling x6  
  103  6:27  Zergling x2  
  103  6:30  Zergling x2  
  103  6:31  Zergling x4  
  107  6:35  Zergling x6  
  102  6:40  Zergling x2  
  102  6:41  Zergling x4  
  101  6:51  Zerg Ground Armor Level 2, Zerg Melee Weapons Level 2  
  100  6:57  Drone x4  
  100  6:59  Drone x6  
  100  7:00  Drone  
  111  7:02  Extractor  
  111  7:04  Baneling x6  
  111  7:05  Baneling  
  111  7:07  Zergling x2  
  111  7:09  Overlord  
  111  7:13  Drone, Infestation Pit  
  111  7:15  Roach Warren  
  111  7:16  Overlord  
  111  7:17  Overlord  
  111  7:20  Zergling x2  
  111  7:21  Zergling x2  
  111  7:22  Zergling x8  
  108  7:35  Overlord  
  107  7:39  Drone x6  
  107  7:40  Drone x2, Queen  
  107  7:41  Baneling x2  
  107  7:43  Overlord  
  117  7:47  Overlord  
  115  7:52  Zergling x2  
  115  7:53  Zergling x16  
  115  7:55  Zergling x2  
  115  7:56  Zergling x2  
  120  8:07  Hive  
  120  8:08  Glial Reconstitution, Pathogen Glands  
  120  8:11  Drone  
  120  8:12  Drone x5  
  126  8:19  Zergling x12  
  132  8:21  Hatchery  
  131  8:27  Overlord  
  131  8:32  Zergling x2  
  131  8:33  Extractor, Zergling x6  
  134  8:34  Baneling x3  
  134  8:39  Overlord  
  123  8:49  Infestor x4  
  123  8:51  Roach x7  
  123  8:52  Roach x3  
  123  8:55  Baneling x4  
  143  8:56  Baneling x3  
  143  9:01  Zergling x16  
  151  9:06  Zergling x2  
  151  9:09  Baneling  
  152  9:10  Baneling x8  
  152  9:12  Zergling x6  
  152  9:15  Zergling x6  
  158  9:19  Zergling x2  
  158  9:20  Adrenal Glands  
  159  9:29  Zergling x6  
  159  9:30  Zergling x2  
  159  9:31  Zergling x2  
  164  9:33  Zergling x4  
  164  9:35  Baneling x7  
  164  9:36  Baneling x3, Zergling x2  
  164  9:37  Zergling x2  
  168  9:38  Zergling x6  
  168  9:39  Zergling x2  
  170  9:46  Zergling x14  
  170  9:49  Zergling x2  
  171  9:55  Zergling x4  
  171  9:57  Baneling x5  
  171  9:58  Baneling x2  
  171  9:59  Zergling x8  
Spawning Tool Build Advisor. Get it on Overwolf

Go to:

Details

  • Created by: energik
  • Published on: Aug 17, 2016
  • Modified on: Aug 17, 2016
  • Patch: Pre-3.8.0
Show
View Real Time Build Order
Export as new Build Order

Comments (0)

There are no comments. Be the first!

Create an account to comment!